 Dungeon Crawl Stone Soup version 0.26-a0-599-gc8f6553d2c (webtiles) character file.

Game seed: 2272742681985989011

3632 ANON1729 the Slasher (level 10, -4/69 HPs)
             Began as an Octopode Gladiator on Aug 29, 2020.
             Was a Priest of Qazlal.
             Slain by an ogre mage
             ... wielding a +0 spear
              (14 damage)
             ... on level 8 of the Dungeon.
             The game lasted 00:13:02 (7842 turns).

ANON1729 the Slasher (Octopode Gladiator)           Turns: 7842, Time: 00:13:03

Health: -4/69      AC:  5    Str: 16    XL:     10   Next: 11%
Magic:  8/12       EV: 18    Int: 10    God:    Qazlal [***...]
Gold:   558        SH:  4    Dex: 15    Spells: 9/9 levels left

rFire    . . .     SeeInvis .   a - +0 long sword
rCold    . . .     Faith    .   (no shield)
rNeg     + . .     Spirit   .   b - +0 hat
rPois    .         Reflect  .   r - amulet of regeneration
rElec    .         Harm     .   h - +4 ring of protection
rCorr    .                      j - ring of positive energy
MR       .....                  s - ring of wizardry
Stlth    ++........             B - ring of attention (curse)
HPRegen  0.61/turn              (no ring)
MPRegen  0.13/turn              (no ring)
                                (no ring)
                                (no ring)

@: studying Short Blades
A: almost no armour, stealthy swim, amphibious, 8 rings, constrict 8, camouflage
1, gelatinous body 1
a: Upheaval, Elemental Force, Renounce Religion


You were on level 8 of the Dungeon.
You worshipped Qazlal.
Qazlal was most pleased with you.
You visited 2 branches of the dungeon, and saw 9 of its levels.
You also visited: Ossuary.

You collected 558 gold pieces.

Inventory:

Hand Weapons
 a - a +0 long sword (weapon)
Missiles
 c - 5 throwing nets (quivered)
 A - 32 poisoned darts
Armour
 b - a +0 hat (worn)
Jewellery
 h - a +4 ring of protection (left tentacle)
 j - a ring of positive energy (right tentacle)
 r - an amulet of regeneration (around mantle)
 s - a ring of wizardry (on tentacle)
 B - a cursed ring of attention (on tentacle)
Wands
 v - a wand of digging (10)
Scrolls
 e - 3 scrolls of amnesia
 f - 10 scrolls of teleportation
 i - 3 scrolls of identify
 k - 6 scrolls of remove curse
 m - 2 scrolls of enchant armour
 o - a scroll of immolation
 t - a scroll of enchant weapon
 u - 2 scrolls of fog
 y - a scroll of blinking
Potions
 d - a potion of brilliance
 g - a potion of lignification {unknown}
 l - 2 potions of flight
 n - 2 potions of haste {unknown}
 p - 2 potions of ambrosia {unknown}
 q - 3 potions of stabbing {unknown}
 w - a potion of heal wounds
 x - 3 potions of might
 C - a potion of curing {unknown}
Books
 D - a manual of Short Blades


   Skills:
 + Level 6.9 Fighting
 + Level 7.4 Long Blades
 + Level 6.9 Throwing
 + Level 7.3 Dodging
 + Level 2.9 Stealth
 * Level 3.5 Invocations
 + Level 2.2 Evocations


You had 9 spell levels left.
You didn't know any spells.
Your spell library was empty.

Dungeon Overview and Level Annotations

Branches:
Dungeon (8/15)             Temple (1/1) D:5         Ossuary (visited)
   Lair: D:8-11

Altars:
Ashenzari
Cheibriados
Dithmenos
Elyvilon
Fedhas
Gozag
Hepliaklqana
Kikubaaqudgha
Makhleb
Nemelex Xobeh
Okawaru
Qazlal
Sif Muna
Trog
Uskayaw
Vehumet
Wu Jian
Xom
Yredelemnul
Zin
The Shining One

Annotations:
D:5 1 runed translucent door, ZangPog's ghost, novice GnAM
D:7 3 runed translucent doors, paps's ghost, novice OpTm; temitten's ghost, novice PaFi


Innate Abilities, Weirdness & Mutations

You cannot wear most types of armour.
You are very stealthy in the water. (Stealth+)
You are amphibious.
You can wear up to eight rings at the same time.
You can use your tentacles to constrict eight enemies at once.
Your skin changes colour to match your surroundings (Stealth+).
Your rubbery body absorbs attacks. (AC +1, EV +1)


Message History

The ogre mage hits you from afar with a +0 spear.
* * * LOW HITPOINT WARNING * * *
The purple very ugly thing misses you.
The ogre mage hits you but does no damage.
You closely miss the purple very ugly thing.
The purple very ugly thing is almost dead.
The ogre mage completely misses you.
The purple very ugly thing tail-slaps you!
* * * LOW HITPOINT WARNING * * *
Press: ? - help, Dir - move target cursor, f - ogre mage, p - purple very ugly thing
Aim: an ogre mage, wielding a +0 spear and wearing a +0 robe (fast)
A storm cloud blasts the area with cutting wind!
The cutting wind hits the ogre mage!!
The ogre mage is heavily wounded.
The cutting wind hits the purple very ugly thing!
The purple very ugly thing is almost dead.
The storm surrounding you is now too weak to repel missiles.
You will no longer adapt resistances upon receiving elemental damage.
The ogre mage hits you from afar with a +0 spear!
You die...

...###.#.._.#u,,8.# ***
.......#....#*,##.# *,*
####...#†⌠.⌠#*##..# *,*
#.#.'#######...# *,*
#.#............# *,*
#.#.#...######.######.********
#.#.#..## #O........,,,,,,,*
***#.#.#..# #u#######.********
,,,.<#.#.## #@# *,* ***###.#.#
#.# *,* #.#.## #.# #.#
######'#..# #.#######.#
........#.######.#.......#
....[...#..#.............#
.............###.#######.#
#+#.....##...# #.# #.#
*,#.....###..# #.# #.#


You could see a purple very ugly thing and an ogre mage (fast).

Vanquished Creatures
  A hippogriff (D:8)
  Eustachio (D:5)
  Menkaure (D:7)
  An orc warrior (D:7)
  2 ice beasts
  A sky beast (D:7)
  4 ogres (D:5)
  2 centaurs
  2 elf zombies (Ossuary)
  4 bullfrogs
  A troll zombie (Ossuary)
  5 wights
  4 scorpions
  2 killer bees (D:8)
  2 howler monkeys (D:7)
  A centaur zombie (Ossuary)
  5 hounds
  3 jellies
  4 orc priests
  5 orc wizards
  3 centaur skeletons
  An iguana (D:8)
  6 worker ants
  Natasha (thrice) (D:4)
  3 ogre zombies (Ossuary)
  7 mummies (Ossuary)
  7 gnolls
  10 adders
  3 shadow imps
  A white imp (D:5)
  2 ufetubi (D:6)
  2 oozes
  5 adder zombies
  3 worms
  A leopard gecko (D:4)
  19 orcs
  7 giant cockroaches
  5 hobgoblins
  21 jackals
  6 kobolds
  3 quokkas
  3 ball pythons
  7 bats
  4 frilled lizards
  A gnoll zombie (Ossuary)
  3 goblins
  A goblin zombie (Ossuary)
  4 hobgoblin zombies (Ossuary)
  A jackal skeleton (D:7)
  8 kobold zombies (Ossuary)
  2 leopard gecko skeletons
  An orc zombie (Ossuary)
  A quokka skeleton (D:6)
  A quokka zombie (Ossuary)
  6 rats
  3 rat zombies (Ossuary)
215 creatures vanquished.

Vanquished Creatures (others)
  A plant (D:2)
  6 withered plants (D:7)
7 creatures vanquished.

Grand Total: 222 creatures vanquished

Notes
Turn   | Place    | Note
-------+----------+-------------------------------------------
     0 | D:1      | ANON1729 the Octopode Gladiator began the quest for the
                  | Orb.
     0 | D:1      | Reached XP level 1. HP: 14/14 MP: 1/1
   225 | D:1      | Reached XP level 2. HP: 15/19 MP: 2/2
   551 | D:1      | Reached XP level 3. HP: 22/25 MP: 3/3
   811 | D:2      | Reached XP level 4. HP: 26/30 MP: 4/4
  1752 | D:3      | Reached XP level 5. HP: 36/36 MP: 5/5
  2109 | D:4      | Reached XP level 6. HP: 18/42 MP: 6/6
  2118 | D:4      | HP: 2/42 [orc/+0 trident (5)]
  2437 | D:5      | Entered Level 5 of the Dungeon
  2441 | D:5      | Found a staircase to the Ecumenical Temple.
  2451 | Temple   | Entered the Ecumenical Temple
  2564 | Temple   | Became a worshipper of Qazlal Stormbringer
  2905 | D:4      | Noticed Natasha
  2915 | D:4      | Killed Natasha
  3037 | D:4      | Noticed Natasha
  3042 | D:4      | Killed Natasha
  3132 | D:4      | Noticed Natasha
  3145 | D:4      | Killed Natasha
  3145 | D:4      | Reached XP level 7. HP: 44/47 MP: 7/7
  3916 | D:4      | Reached skill level 5 in Long Blades
  3919 | D:4      | Reached skill level 5 in Dodging
  4157 | D:5      | Reached * piety under Qazlal
  4157 | D:5      | Reached XP level 8. HP: 44/54 MP: 8/8
  4322 | D:5      | Noticed Eustachio
  4331 | D:5      | Killed Eustachio
  4331 | D:5      | Reached skill level 5 in Fighting
  4331 | D:5      | Reached skill level 5 in Throwing
  4613 | D:5      | Found a runed translucent door.
  4615 | D:5      | Noticed ZangPog's ghost (novice GnAM)
  5549 | D:7      | Reached ** piety under Qazlal
  5645 | D:7      | Reached XP level 9. HP: 45/62 MP: 9/9
  5731 | D:7      | Found a runed translucent gate.
  5731 | D:7      | Found a runed translucent gate.
  5731 | D:7      | Found a runed translucent gate.
  5733 | D:7      | Noticed paps's ghost (novice OpTm)
  5733 | D:7      | Noticed temitten's ghost (novice PaFi)
  6025 | D:7      | Noticed Menkaure
  6038 | D:7      | Killed Menkaure
  6845 | D:8      | Reached skill level 1 in Invocations
  6884 | D:8      | Reached skill level 1 in Stealth
  6907 | D:8      | Reached skill level 1 in Evocations
  6910 | D:8      | Found a sand-covered staircase.
  6915 | Ossuary  | Entered an ossuary
  7039 | Ossuary  | Reached *** piety under Qazlal
  7358 | Ossuary  | Reached XP level 10. HP: 67/69 MP: 12/12
  7463 | D:8      | Reached **** piety under Qazlal
  7744 | D:8      | Found a hide-covered altar of Uskayaw.
  7744 | D:8      | Found an opulent altar of Gozag.
  7745 | D:8      | Noticed an ogre mage
  7748 | D:8      | Noticed a purple very ugly thing
  7837 | D:8      | HP: 2/69 [purple very ugly thing (7)]
  7842 | D:8      | Slain by an ogre mage

Illustrated notes

Levels and vault maps discovered:
D:1:      tarquinn_simple_flora_water_f, layout_loops_ring,
          minmay_worlds_worst_comb
D:2:      layout_loops_ring, serial_forest, infiniplex_forest_straight_2,
          infiniplex_forest_lined_3_way, infiniplex_forest_clump_large,
          infiniplex_forest_clump_small, infiniplex_forest_lined_4_way
D:3:      layout_rooms
D:4:      layout_basic, uniq_natasha
D:5:      layout_loops_ring, minmay_temple_entry_drinking_statues,
          ebering_ghost_inner_flame, uniq_eustachio
D:6:      layout_cave_pools, grunt_decor_fettered, st_stairs_10,
          palyth_stone_intersect
D:7:      layout_loops_corners, gammafunk_ghost_cemetery,
          kennysheep_pointless_box, minivault_23, uniq_menkaure
D:8:      layout_basic, kennysheep_mini_moat, enter_ossuary_2,
          jmf_multi_god_temple
Temple:   kilobyte_greek_temple

Skill      XL: |  1  2  3  4  5  6  7  8  9 10 |
---------------+-------------------------------+-----
Fighting       | 3 4 5 6 |  6.9
Throwing       | 3 4 5 6 |  6.9
Dodging        | 4 5 6 7 |  7.3
Long Blades    | 4 5 6 7 |  7.4
Invocations    | 2 3 |  3.5
Stealth        | 2 |  2.9
Evocations     | 1 2 |  2.2

Action                   |  1- 3 |  4- 6 |  7- 9 | 10-12 || total
-------------------------+-------+-------+-------+-------++-------
Melee: Long sword        |    42 |   122 |   320 |    62 ||   546
       Constrict         |    19 |    32 |    71 |    16 ||   138
       Tentacles         |    14 |    18 |    99 |    19 ||   150
Throw: Throwing net      |       |       |     6 |       ||     6
Invok: Upheaval          |       |       |       |     1 ||     1
Evoke: Wand              |       |       |       |     5 ||     5
  Use: Potion            |       |     7 |     2 |     2 ||    11
       Scroll            |       |       |    10 |       ||    10
 Stab: Sleeping          |     3 |     5 |     2 |       ||    10
       Distracted        |       |       |     1 |       ||     1
       Held in net/web   |       |       |     1 |       ||     1
Armor: Skin              |    10 |    28 |    38 |     4 ||    80
Dodge: Dodged            |    39 |   104 |   238 |    46 ||   427
Block: Other             |       |       |    28 |    19 ||    47
       Rpst.: Long sword |    13 |    23 |    68 |    11 ||   115

Table legend: (Time is in decaauts)
 A = Elapsed time spent in this place.
 B = Non-inter-level travel time spent in this place.
 C = Inter-level travel time spent in this place.
 D = Time resting spent in this place.
 E = Time spent auto-exploring this place.
 F = Levels seen in this place.
 G = Mean time per level.
                   A        B        C        D        E       F      G
               +--------+--------+--------+--------+--------+-----+--------+
         Total |   7906 |   7643 |    263 |   2174 |   4015 |  10 |  790.6 |
       Dungeon |   7235 |   7013 |    222 |   2080 |   3684 |   8 |  904.4 |
        Temple |    153 |    113 |     40 |      0 |    103 |   1 |  153.0 |
       Ossuary |    516 |    516 |      0 |     94 |    228 |   1 |  516.0 |
               +--------+--------+--------+--------+--------+-----+--------+

Top non-repeatable levels by time:
     D:5: 1645 daAuts
     D:4: 1184 daAuts
     D:7: 1147 daAuts
     D:2: 932 daAuts
     D:1: 788 daAuts
     D:8: 610 daAuts
     D:6: 602 daAuts
 Ossuary: 516 daAuts
     D:3: 324 daAuts
  Temple: 153 daAuts
